Map: Gresvan LE

Players

dopehat

  • Race: Zerg Zerg
  • League: Platinum
  • Spawn Location: 5:00

MattBarry - Winner!

  • Race: Zerg Zerg
  • League: Gold
  • Spawn Location: 11:00

VOD

Have the link to the VOD?

Description

Time

  • Played on: Feb. 10, 2023, 4:23 p.m.
  • Length: 10:21
Show
View Real Time Build Order
Export as new Build Order

dopehat Zerg 

Build Orders: 1 Base Baneling Bust, Pool First 

Get SALT Encoding   

  12  0:03  Drone  
  13  0:12  Overlord  
  13  0:16  Drone  
  14  0:34  Spawning Pool  
  13  0:37  Drone  
  14  0:42  Extractor  
  14  0:43  Drone  
  14  0:47  Drone  
  15  0:52  Drone  
  16  1:16  Drone x2  
  18  1:23  Roach Warren  
  17  1:27  Zergling x2  
  17  1:28  Queen  
  20  1:39  Baneling Nest  
  19  1:46  Drone x2  
  22  1:51  Metabolic Boost  
  22  1:55  Overlord  
  22  2:16  Hatchery  
  22  2:20  Roach  
  23  2:48  Roach x3  
  29  3:12  Overlord x2  
  29  3:30  Roach  
  31  3:36  Drone  
  32  3:46  Roach  
  33  4:10  Roach  
  33  4:11  Roach  
  37  4:22  Roach  
  31  4:28  Roach x6  
  43  4:37  Drone  
  44  4:45  Overlord  
  44  4:46  Overlord  
  44  5:03  Queen  
  44  5:04  Lair  
  44  5:05  Extractor  
  45  5:08  Zergling x10  
  50  5:28  Zergling x4  
  52  5:43  Overlord x6  
  52  6:00  Queen  
  53  6:23  Drone  
  53  6:24  Roach x5  
  53  6:25  Zergling x6  
  64  6:39  Zergling x4  
  65  6:45  Drone  
  60  6:57  Zergling x10  
  59  7:22  Zergling x10  
  64  7:23  Zergling x8  
  68  7:36  Drone x3  
  71  7:49  Roach x4  
  79  8:05  Evolution Chamber  
  62  8:46  Zergling x2  
  62  8:47  Zergling x16  
  62  8:48  Zergling x12  
  45  9:19  Roach x5  
Show
View Real Time Build Order
Export as new Build Order

MattBarry Zerg - Winner!

Build Orders: Pool First 

Get SALT Encoding   

  12  0:01  Drone  
  13  0:13  Overlord  
  13  0:21  Drone  
  14  0:32  Overlord  
  14  0:40  Drone  
  15  0:48  Spawning Pool  
  14  0:53  Drone  
  15  0:59  Extractor  
  14  1:21  Hatchery  
  14  1:25  Drone x3  
  16  1:41  Queen  
  18  1:47  Zergling x2  
  18  1:50  Zergling x2  
  20  2:04  Zergling x2  
  21  2:15  Metabolic Boost  
  21  2:25  Drone  
  21  2:26  Drone  
  23  2:38  Drone x2  
  25  2:44  Queen  
  25  2:48  Drone x2  
  29  2:54  Queen  
  30  3:00  Drone x3  
  33  3:10  Extractor  
  32  3:19  Roach Warren  
  30  3:30  Evolution Chamber  
  28  3:39  Zergling x4  
  28  3:40  Zergling x2  
  28  3:41  Zergling x10  
  36  3:52  Spine Crawler  
  35  4:02  Overlord x2  
  34  4:18  Queen  
  34  4:44  Drone x4  
  34  4:45  Drone x3  
  41  4:48  Zerg Missile Weapons Level 1  
  41  4:49  Roach x5  
  51  4:53  Evolution Chamber  
  50  5:00  Lair  
  50  5:07  Drone  
  51  5:27  Hatchery, Drone  
  51  5:28  Drone  
  52  5:47  Overlord  
  52  5:48  Overlord  
  52  6:09  Roach, Drone  
  52  6:10  Roach x3  
  52  6:11  Roach x3  
  67  6:25  Roach  
  67  6:26  Overlord  
  67  6:27  Overlord  
  64  6:45  Drone x5  
  64  6:46  Drone x2  
  69  7:00  Zergling x14  
  74  7:17  Glial Reconstitution  
  74  7:25  Ravager  
  74  7:26  Ravager  
  76  7:47  Hatchery  
  76  7:48  Hatchery  
  74  7:52  Hydralisk Den, Drone x6  
  74  7:54  Extractor  
  74  7:55  Zerg Ground Armor Level 1, Extractor  
  76  8:20  Roach x3  
  74  8:34  Roach x5  
  72  8:48  Roach x2  
  72  8:49  Roach x3  
  70  9:03  Roach  
  70  9:04  Roach x3  
  74  9:14  Drone  
  74  9:15  Drone x8  
  74  9:16  Queen  
  83  9:17  Queen x2  
  85  9:26  Zergling x6  
  85  9:31  Zergling x4  
  82  10:03  Lurker Den  
  82  10:06  Infestation Pit  
Tags
 
Add a new tag
Caveats
  • Supply blocks, unpowered buildings, or Contaminate may cause inaccurate times.
  • Supply counts are checked every 10 seconds.